 Dungeon Crawl Stone Soup version 0.29.1-15-g9cfb28693d (webtiles) character file.

Game seed: 10268996768444418724

1347018 roguespy the Earth Mage (level 27, 174/174 HPs)
             Began as a Gargoyle Hunter on Mar 25, 2023.
             Was the Champion of Ashenzari.
             Escaped with the Orb
             ... and 3 runes on Mar 7, 2024!
             The game lasted 08:57:42 (110739 turns).

roguespy the Earth Mage (Gargoyle Hunter)         Turns: 110739, Time: 08:57:42

Health: 174/174    AC: 54    Str: 21    XL:     27
Magic:  49/49      EV: 22    Int: 20    God:    Ashenzari [******]
Gold:   2418       SH: 24    Dex: 19    Spells: 0/70 levels left

rFire   + . .      SeeInvis +   x - +2 scimitar of Ashenzari's Anxiety {protect, Cun, Fort} (curse)
rCold   + . .      Faith    .   v - +2 kite shield "Share My Activism" {Self, Bglg} (curse)
rNeg    + . .      Spirit   .   K - +6 ring mail "Sidereal Awkwardness" {rC+ Str+3 Int+5, Fort, Alch} (curse)
rPois   ∞          Reflect  +   d - +2 helmet of the Sidereal God {Alch, Bglg} (curse)
rElec   +          Harm     .   c - +2 cloak of the Chained Moon {Evo, Elem} (curse)
rCorr   .          Rampage  .   Q - +2 pair of gloves "Restrained Seer" {Alch, Fort} (curse)
Will    ++...      Clarity  +   s - +2 pair of boots "Lashed Embarrassment" {Fly, Bglg, Alch} (curse)
Stlth   +.........              u - amulet "Shattered Together" {Reflect SH+5, Bglg, Self} (curse)
HPRegen 0.39/turn               U - ring "Esoteric Secrets" {AC+4, Self, Elem} (curse)
MPRegen 0.31/turn               H - ring "Tethered Stoicism" {rF+, Cun, Elem} (curse)

@: flying, studying 2 skills
A: sickness immunity, AC +20, big wings, negative energy resistance 1,
electricity resistance, torment resistance 1, petrification resistance
0: Orb of Zot
}: 3/15 runes: decaying, serpentine, silver
a: Renounce Religion, Shatter the Chains


You escaped.
You worshipped Ashenzari.
Ashenzari was exalted by your worship.
You visited 11 branches of the dungeon, and saw 51 of its levels.

You collected 6198 gold pieces.
You spent 3780 gold pieces at shops.

Inventory:

Hand Weapons
 g - the +6 rapier of the Final Xalams {drain, rPois rF+ Will-}
   (You took it off a deep elf knight on level 3 of the Elven Halls)

   A truly terrible weapon, it drains the life of any living foe it strikes.
   rF:        It protects you from fire.
   rPois:     It protects you from poison.
   Will:      It decreases your willpower.
 x - the cursed +2 scimitar of Ashenzari's Anxiety (weapon) {protect, Cun, Fort}
   (You took it off an orc warrior on level 7 of the Dungeon)

   It grants its wielder temporary protection when it strikes (+7 to AC).
   It has a curse which improves the following skills: Cunning: Dodging and
   Stealth.
   Fortitude: Armour and Shields.
 P - a +4 scimitar of protection
Missiles
 y - 11 boomerangs of dispersal
 R - 12 javelins
Armour
 a - the +18 shield of the Gong {rElec rN+ Will+ EV-5}
   (You found it on level 3 of the Elven Halls)

   It is deafeningly noisy when blocking attacks.
   EV:        It affects your evasion (-5).
   rElec:     It insulates you from electricity.
   rN:        It protects you from negative energy.
   Will:      It increases your willpower.
 b - quicksilver dragon scales
 c - the cursed +2 cloak of the Chained Moon (worn) {Evo, Elem}
   (You found it on level 3 of the Snake Pit)

   It has a curse which improves the following skills: Evocations: Evocations.
   Elements:  Fire Magic, Ice Magic, Air Magic and Earth Magic.
 d - the cursed +2 helmet of the Sidereal God (worn) {Alch, Bglg}
   (You found it on level 7 of the Dungeon)

   It has a curse which improves the following skills: Alchemy: Poison Magic and
   Transmutations.
   Beguiling: Conjurations, Hexes and Translocations.
 s - the cursed +2 pair of boots "Lashed Embarrassment" (worn) {Fly, Bglg, Alch}
   (You found it on level 1 of the Swamp)

   It has a curse which improves the following skills: Beguiling: Conjurations,
   Hexes and Translocations.
   Alchemy:   Poison Magic and Transmutations.
 v - the cursed +2 kite shield "Share My Activism" (worn) {Self, Bglg}
   (You found it on level 11 of the Dungeon)

   It has a curse which improves the following skills: Introspection: Fighting
   and Spellcasting.
   Beguiling: Conjurations, Hexes and Translocations.
 z - a +3 chain mail of fire resistance
 K - the cursed +6 ring mail "Sidereal Awkwardness" (worn) {rC+ Str+3 Int+5, Fort, Alch}
   (You bought it in a shop on level 8 of the Dungeon)

   Str:       It affects your strength (+3).
   Int:       It affects your intelligence (+5).
   rC:        It protects you from cold.
   It has a curse which improves the following skills: Fortitude: Armour and
   Shields.
   Alchemy:   Poison Magic and Transmutations.
 Q - the cursed +2 pair of gloves "Restrained Seer" (worn) {Alch, Fort}
   (You found it on level 2 of the Elven Halls)

   It has a curse which improves the following skills: Alchemy: Poison Magic and
   Transmutations.
   Fortitude: Armour and Shields.
 S - the +0 pair of gloves "Wisusk Iluma" {rC+}
   (You found it on level 10 of the Dungeon)

   rC:        It protects you from cold.
Jewellery
 o - a ring of protection from cold
 u - the cursed amulet "Shattered Together" (around neck) {Reflect SH+5, Bglg, Self}
   (You took it off an orc on level 3 of the Dungeon)

   [amulet of reflection]

   It reflects blocked missile attacks.
   SH:        It affects your SH (+5).
   It has a curse which improves the following skills: Beguiling: Conjurations,
   Hexes and Translocations.
   Introspection: Fighting and Spellcasting.
 w - a +6 ring of strength
 D - a +6 ring of strength
 H - the cursed ring "Tethered Stoicism" (right hand) {rF+, Cun, Elem}
   (You found it on level 15 of the Dungeon)

   [ring of protection from fire]

   rF:        It protects you from fire.
   It has a curse which improves the following skills: Cunning: Dodging and
   Stealth.
   Elements:  Fire Magic, Ice Magic, Air Magic and Earth Magic.
 T - a +6 ring of intelligence
 U - the cursed ring "Esoteric Secrets" (left hand) {AC+4, Self, Elem}
   (You found it on level 1 of the Lair of Beasts)

   [ring of protection]

   AC:        It affects your AC (+4).
   It has a curse which improves the following skills: Introspection: Fighting
   and Spellcasting.
   Elements:  Fire Magic, Ice Magic, Air Magic and Earth Magic.
 Y - a ring of magical power
Wands
 k - a wand of mindburst (26)
 p - a wand of flame (33)
 t - a wand of light (18)
 F - a wand of charming (23)
 L - a wand of roots (25)
 M - a wand of digging (14)
 N - a wand of polymorph (21)
Scrolls
 e - 9 scrolls of poison
 i - 3 scrolls of silence
 j - 4 scrolls of fear
 l - 4 scrolls of enchant armour
 G - 7 scrolls of amnesia
 I - 15 scrolls of teleportation
 V - 2 scrolls of enchant weapon
 W - 7 scrolls of magic mapping
 X - 4 scrolls of brand weapon
 Z - 4 scrolls of fog
Potions
 f - 2 potions of invisibility
 h - 2 potions of berserk rage
 m - a potion of haste
 n - 23 potions of curing
 q - 14 potions of brilliance
 r - 12 potions of mutation
 A - 2 potions of might
 B - 7 potions of lignification
 C - 6 potions of ambrosia
 E - 2 potions of cancellation
 J - 2 potions of heal wounds


   Skills:
 - Level 13.1(18.2) Fighting
 - Level 14.8 Long Blades
 - Level 5.0 Ranged Weapons
 - Level 12.0 Throwing
 - Level 10.9(16.0) Armour
 - Level 13.1(17.0) Dodging
 - Level 1.1(3.3) Stealth
 - Level 16.4(21.4) Shields
 + Level 17.3(22.2) Spellcasting
 - Level 16.5(22.5) Conjurations
 - Level 1.5(5.2) Hexes
 + Level 15.6 Summonings
 + Level 14.7 Necromancy
 - Level 2.4(6.9) Translocations
 - Level 2.7(6.7) Ice Magic
 + Level 19.9(24.7) Earth Magic


You couldn't memorise any spells.
You knew the following spells:

 Your Spells              Type           Power      Damage    Failure   Level
a - Ozocubu's Armour      Ice            49%        N/A       1%          3
b - Stone Arrow           Conj/Erth      100%       3d13      0%          3
c - Summon Forest         Summ/Tloc      30%        N/A       1%          5
d - Irradiate             Conj/Tmut      31%        3d22      1%          5
e - Borgnjor's Vile Clut  Necr/Erth      39%        N/A       1%          5
f - Iskenderun's Battles  Conj           85%        2d13      0%          5
g - Lehudib's Crystal Sp  Conj/Erth      43%        10d10     1%          8
h - Leda's Liquefaction   Hex/Erth       35%        N/A       1%          4
i - Animate Armour        Summ/Erth      100%       N/A       0%          4
j - Passage of Golubria   Tloc           50%        N/A       1%          4
s - Iron Shot             Conj/Erth      43%        9d8       1%          6
v - Summon Mana Viper     Hex/Summ       59%        N/A       1%          5
x - Summon Cactus Giant   Summ           35%        N/A       1%          6
z - Spellforged Servitor  Conj/Summ      39%        N/A       1%          7

Your spell library contained the following spells:

 Spells                   Type           Power      Damage    Failure   Level
 Summon Small Mammal      Summ           100%       N/A       0%          1
 Lee's Rapid Deconstruct  Erth           44%        3d22*     0%          5
 Freeze                   Ice            100%       1d11      1%          1
 Slow                     Hex            100%       N/A       1%          1
 Blink                    Tloc           100%       N/A       1%          2
 Ensorcelled Hibernation  Hex/Ice        92%        N/A       1%          2
 Static Discharge         Conj/Air       62%        3-11/arc  1%          2
 Call Canine Familiar     Summ           71%        N/A       1%          3
 Confusing Touch          Hex            43%        N/A       1%          3
 Frozen Ramparts          Ice            98%        1d15      1%          3
 Gell's Gravitas          Tloc           50%        N/A       1%          3
 Portal Projectile        Hex/Tloc       92%        N/A       1%          3
 Summon Guardian Golem    Hex/Summ       59%        N/A       1%          3
 Teleport Other           Tloc           50%        N/A       1%          3
 Tukima's Dance           Hex            43%        N/A       1%          3
 Vampiric Draining        Necr           69%        2d10      1%          3
 Anguish                  Hex/Necr       29%        N/A       1%          4
 Dispel Undead            Necr           69%        3d23      1%          4
 Hailstorm                Conj/Ice       69%        3d14      1%          4
 Petrify                  Tmut/Erth      65%        N/A       1%          4
 Sticky Flame             Conj/Fire      62%        2d8       1%          4
 Agony                    Necr           69%        N/A       1%          5
 Fireball                 Conj/Fire      31%        3d13      1%          5
 Freezing Cloud           Conj/Ice/Air   29%        6-21      1%          5
 Death Channel            Necr           34%        N/A       1%          6
 Orb of Destruction       Conj           42%        9d12      1%          7
 Beastly Appendage        Tmut           52%        N/A       2%          1
 Sting                    Tmut/Pois      100%       1d8       2%          1
 Poisonous Vapours        Pois/Air       50%        N/A       3%          2
 Wereblood                Tmut           26%        N/A       3%          2
 Corpse Rot               Necr/Pois/Air  44%        N/A       3%          4
 Conjure Ball Lightning   Conj/Air       31%        3x3d10    4%          6
 Summon Hydra             Summ           35%        N/A       4%          7
 Manifold Assault         Tloc           50%        N/A       5%          5
 Haunt                    Necr/Summ      35%        N/A       6%          7
 Spider Form              Tmut/Pois      26%        N/A       7%          3
 Simulacrum               Ice/Necr       30%        N/A       7%          6
 Metabolic Englaciation   Hex/Ice        23%        N/A       9%          5
 Olgreb's Toxic Radiance  Pois           26%        N/A       24%         4
 Yara's Violent Unravell  Hex/Tmut       17%        3d8       26%         5
 Dispersal                Tloc           25%        N/A       30%         6
 Alistair's Intoxication  Tmut/Pois      17%        N/A       54%         5
 Blade Hands              Tmut           13%        N/A       54%         5
 Eringya's Noxious Bog    Tmut/Pois      13%        N/A       98%         6
 Enfeeble                 Hex            21%        N/A       98%         7
 Dragon Form              Tmut           13%        N/A       100%        7
 Storm Form               Tmut/Air       12%        N/A       100%        7
 Polar Vortex             Ice            24%        N/A       100%        9
 Sublimation of Blood     Necr           Unusable   N/A       N/A         2
 Statue Form              Tmut/Erth      Unusable   N/A       N/A         6

Dungeon Overview and Level Annotations

Branches:
Dungeon (15/15)            Temple (1/1) D:5            Lair (5/5) D:10
  Swamp (4/4) Lair:3        Snake (4/4) Lair:2        Slime (0/5) Lair:5
    Orc (2/2) D:12            Elf (3/3) Orc:2        Vaults (5/5) D:13
  Crypt (3/3) Vaults:2       Tomb (0/3) Crypt:3      Depths (4/4) D:15
    Zot (5/5) Depths:4

Altars:
Ashenzari
Cheibriados
Dithmenos
Elyvilon
Fedhas
Gozag
Hepliaklqana
Kikubaaqudgha
Makhleb
Nemelex Xobeh
Okawaru
Qazlal
Ru
Sif Muna
Trog
Uskayaw
Vehumet
Wu Jian
Xom
Yredelemnul
Zin
The Shining One
Jiyva
Lugonu

Shops:
D:8 *   D:9 [   D:15 *[[:*   Orc:2 !:((   Elf:1 [!?[   Elf:2 (   Snake:1 [
Snake:2 ?

Portals:
Hell: Depths:1 Depths:2 Depths:3 Depths:4
Abyss: Orc:2 Snake:1 Depths:3
Pandemonium: Depths:1 Depths:2
Ziggurat: Depths:2
Trove: D:12 (give 5 scrolls of blinking)

Annotations:
D:5 Edmund, Sigmund
D:6 Maggie
Swamp:1 Nikola
Snake:1 2 transporters, Keazorum's ghost, journeyman GrHu
Elf:2 3 runed translucent doors
Vaults:1 3 runed translucent doors, TPoD's ghost, adept HOMo
Crypt:3 3 runed translucent doors, Mennas; Utis's ghost, veteran CeHu
Zot:2 2 transporters
Zot:5 3 runed translucent doors, Beuseq's ghost, master GnFi


Innate Abilities, Weirdness & Mutations

You are immune to sickness and miasma.
Your stone body is resilient. (AC +20)
You are immune to poison.
Your large and strong wings let you fly.
You resist negative energy. (rN+)
You are resistant to electric shocks. (rElec)
You are resistant to unholy torment.
You are immune to petrification.


Message History

The hell hound dies!
The hell hound is struck by your cactus giant's spines.
The hell hound dies!
You swap places.
You see here a hell hound corpse.
A blizzard demon comes into view.
The blizzard demon shouts!
You see here a +0 plate armour.
The blizzard demon hits your cactus giant.
The blizzard demon hits your cactus giant!
Your cactus giant hits the blizzard demon with a +0 giant spiked club!!
The blizzard demon gestures at you.
The bolt of cold hits your cactus giant!!!
The bolt of cold hits your spellforged servitor.
Your spellforged servitor resists.
The bolt of cold misses you. Something hits your cactus giant.
Something hits your cactus giant!
There is a stone staircase leading up here.
You fly upwards.
There is a stone staircase leading down here.
Aiming: Dig
Press: ? - help, Shift-Dir - straight line A rock wall.
This square is covered in magical glow.
The rock shatters into small pieces.
Aiming: Dig
Press: ? - help, Shift-Dir - straight line A rock wall.
This square is covered in magical glow.
The rock shatters into small pieces.
There is a stone staircase leading up here.
You fly upwards.
There is a stone staircase leading down here.
Aiming: Dig
Press: ? - help, Shift-Dir - straight line A rock wall.
This square is covered in magical glow.
The rock shatters into small pieces.
There is a staircase leading out of the dungeon here.
You have escaped!

....######.####......#.........#
##.########.###......###.......##
#.......^.....................#.
######...###.#......#####.#.....
#...............# #.#####.
#....#####.####.# #.# ##.
#....##..##.###.#####.# ##..
#........#...##.##....###..#
#........'.@.+.............#
####.......##...#..##...#.#...#
###..........######..##..........
........#.#########..##.#.#.#.#..
..8#8...#.#########.............#
..#?#...#...............#.#.#.#.#
..8#8...#.......................#
.......>............#.....#.#....
####..).............#...>.......#


There were no monsters in sight!

Vanquished Creatures
  2 dread liches
  4 ancient liches
  Mara (Elf:3)
  2 Killer Klowns (Zot:5)
  Sojobo (Crypt:3)
  Frederick (Crypt:2)
  Saint Roka (Vaults:2)
  4 caustic shrikes (Depths:3)
  Vashnia (Snake:4)
  3 golden dragons (Depths:2)
  An electric golem (Zot:4)
  A shard shrike zombie (Crypt:3)
  9 Orb Guardians
  A deep elf master archer (Elf:3)
  2 deep elf blademasters (Elf:3)
  2 liches (Vaults:5)
  A Hell Sentinel (Zot:5)
  6 tentacled monstrosities
  3 titans
  3 quicksilver dragons
  Gastronok (Lair:3)
  4 sphinxes
  4 shadow dragons
  A death cob (Zot:3)
  A revenant (Crypt:3)
  12 nagarajas
  4 fire giants
  6 storm dragons
  5 tengu reavers
  2 draconian monks (Zot:3)
  A fenstrider witch (Swamp:2)
  A deep elf sorcerer (Elf:3)
  3 iron dragons
  6 frost giants
  A draconian knight (Zot:1)
  10 vault wardens
  4 orc warlords
  A ghost moth (Zot:1)
  A draconian shifter (Depths:4)
  4 curse skulls
  A deep elf elementalist (Elf:3)
  Aizul (Snake:3)
  2 angels
  A spriggan defender (Depths:1)
  31 very ugly things
  A draconian stormcaller (Zot:1)
  7 ghouls
  18 ironbound preservers
  7 ironbound thunderhulks
  12 stone giants
  2 eleionomae
  A green draconian (Zot:2)
  13 vampire knights
  5 deep elf annihilators (Elf:3)
  3 bunyips
  2 black draconians
  2 spark wasps (Depths:3)
  A deep elf demonologist (Elf:3)
  2 entropy weavers
  A yellow draconian (Zot:3)
  A white draconian (Zot:3)
  2 red draconians
  A dire elephant (Vaults:1)
  A crystal guardian (Vaults:2)
  An eidolon (Crypt:2)
  8 deep elf death magi
  12 fire dragons
  8 jiangshi
  6 ettins
  2 deep elf high priests
  10 yaktaur captains
  Fannar (D:11)
  A spriggan zombie (Crypt:3)
  4 great orbs of eyes
  25 vault guards
  2 rakshasas
  A catoblepas (Lair:5)
  An ogre mage (Vaults:5)
  12 hydras
  An ice dragon (shapeshifter) (Vaults:5)
  A boulder beetle (D:15)
  2 boulder beetles (shapeshifter) (Vaults:4)
  3 spriggan air magi
  Erolcha (D:13)
  3 salamander tyrants
  3 hell beasts
  A ghost crab (Swamp:2)
  8 ice dragons
  10 ironbound frosthearts
  2 peacekeepers
  8 anacondas
  11 centaur warriors
  19 dancing weapons
  3 alligators
  A spriggan skeleton (Crypt:1)
  A death knight (Crypt:1)
  A deep troll shaman (Depths:2)
  4 orc high priests
  15 naga warriors
  4 two-headed ogres
  Urug (D:12)
  4 spriggan berserkers
  5 tengu warriors
  6 vampire magi
  13 naga sharpshooters
  Nergalle (Lair:3)
  11 shock serpents
  2 soul eaters
  4 deep troll earth magi
  8 hell knights
  8 deep elf knights
  A titan skeleton (Vaults:3)
  4 iron trolls
  Lodul (D:12)
  A shadow wraith (Crypt:3)
  3 salamander mystics
  25 skeletal warriors
  10 deep elf archers
  A goliath frog (Swamp:1)
  42 deep trolls
  A death drake (Swamp:4)
  3 sea snakes (Snake:3)
  A glowing orange brain (shapeshifter) (Vaults:5)
  3 glowing orange brains
  7 bog bodies
  An obsidian statue (Zot:5)
  A shadow dragon zombie (Vaults:3)
  6 wizards
  5 swamp dragons (Swamp:4)
  3 spriggan druids
  14 ironbound convokers
  7 lindwurms
  16 deep elf zephyrmancers
  11 necromancers
  3 naga ritualists
  6 mana vipers
  14 orc knights
  50 ugly things
  9 phantasmal warriors
  17 deep elf pyromancers
  3 orc sorcerers (Orc:2)
  A stone giant zombie (Vaults:3)
  4 cyclopes
  A manticore (D:15)
  17 salamanders
  4 will-o-the-wisps
  8 moths of wrath
  A dire elephant zombie (Crypt:3)
  2 human skeletons (Vaults:3)
  2 black mambas (shapeshifter)
  8 guardian serpents
  8 elephants
  20 naga magi
  A guardian serpent (shapeshifter) (D:14)
  A water nymph (shapeshifter) (Vaults:5)
  A centaur zombie (Crypt:2)
  10 cane toads
  31 black mambas
  16 vault sentinels
  A torpor snail (Lair:5)
  An elf skeleton (Vaults:3)
  A kobold demonologist (Depths:3)
  32 yaktaurs
  7 tengu conjurers
  2 rime drakes
  2 efreet
  4 komodo dragons
  An ice devil (Depths:2)
  2 freezing wraiths
  A golden dragon simulacrum (Depths:3)
  A black draconian skeleton (Crypt:1)
  8 trolls
  A meliai (shapeshifter) (Vaults:4)
  9 polar bears
  A tarantella (shapeshifter) (D:13)
  A harpy skeleton (Crypt:1)
  5 tyrant leeches
  A tarantella (Vaults:4)
  51 slime creatures
  17 hornets
  A harpy zombie (Crypt:3)
  An ettin zombie (Vaults:3)
  2 dream sheep (Lair:5)
  26 blink frogs
  A jumping spider (Vaults:2)
  3 water elementals
  27 spriggans
  5 air elementals
  A dire elephant simulacrum (Crypt:3)
  3 vampires
  A deep troll skeleton (Vaults:3)
  An elf zombie (Vaults:3)
  A black mamba skeleton (Crypt:2)
  4 fire elementals
  A hog (Swamp:1)
  5 wyverns
  3 nameless horrors
  30 yaks
  3 unseen horror simulacra (D:9)
  4 wraiths
  2 basilisks
  A redback (shapeshifter) (Vaults:4)
  4 steam dragons
  16 vampire mosquitoes
  3 redbacks
  4 wargs
  A merfolk zombie (Crypt:3)
  A harpy simulacrum (Crypt:2)
  A naga (shapeshifter) (D:13)
  22 swamp worms
  A hell hound (D:3)
  An acid dragon (D:11)
  A naga zombie (Crypt:1)
  49 nagas
  14 water moccasins
  7 swamp drakes
  5 black bears
  A sky beast (D:8)
  9 ice beasts
  A swamp dragon zombie (Crypt:3)
  36 orc warriors
  22 centaurs
  8 boggarts
  32 wolves
  14 ogres
  2 phantoms
  An elephant skeleton (Crypt:1)
  3 kobold brigands
  3 bullfrogs
  3 earth elementals
  A draconian skeleton (Crypt:2)
  3 necrophages
  5 scorpions
  2 gnoll sergeants (D:12)
  17 wights
  A water moccasin skeleton (Crypt:1)
  A hornet simulacrum (D:9)
  9 killer bees
  13 electric eels
  5 howler monkeys
  2 hounds (D:7)
  3 jellies
  23 orc priests
  Jessica (D:3)
  3 iguanas
  27 orc wizards
  2 centaur simulacra
  A killer bee simulacrum (D:9)
  8 adders
  9 gnolls (D:12)
  4 shadow imps
  10 white imps
  2 howler monkey simulacra (D:9)
  4 ufetubi (D:9)
  4 worms
  3 dart slugs
  107 orcs
  7 endoplasms
  2 giant cockroaches
  A goblin (D:1)
  11 hobgoblins
  2 jackals (D:1)
  3 quokkas
  9 ball pythons
  7 bats
  4 frilled lizards
  A goblin zombie (Crypt:2)
  A jackal skeleton (Crypt:3)
  12 kobolds
  3 rats
  A river rat skeleton (Crypt:2)
  A briar patch (Swamp:3)
1778 creatures vanquished.

Vanquished Creatures (collateral kills)
  A dread lich (Vaults:4)
  3 orbs of fire (Zot:5)
  3 ancient liches (Zot:5)
  5 Killer Klowns
  2 golden dragons
  A caustic shrike (Depths:3)
  A bone dragon (Depths:4)
  Jory (Crypt:1)
  An electric golem (Zot:5)
  14 tentacled monstrosities
  2 titans (Vaults:5)
  3 liches
  16 Orb Guardians (Zot:5)
  6 quicksilver dragons
  A sphinx (Vaults:5)
  2 ancient champions (Crypt:3)
  3 death cobs
  An Executioner (Zot:5)
  A thorn hunter (Swamp:3)
  A tengu reaver (Depths:4)
  10 storm dragons
  4 shadow dragons
  2 draconian monks
  A revenant (Crypt:2)
  4 fire giants
  An iron dragon (Vaults:5)
  5 frost giants
  7 ghouls
  2 draconian shifters
  3 ghost moths
  A juggernaut zombie (Crypt:3)
  A caustic shrike zombie (Crypt:3)
  3 angels (Depths:2)
  A war gargoyle (Vaults:5)
  A draconian annihilator (Depths:4)
  2 spriggan defenders (Depths:2)
  3 very ugly things
  A quicksilver ooze (shapeshifter) (Vaults:5)
  A juggernaut skeleton (Crypt:3)
  6 stone giants
  7 green draconians
  An ironbound thunderhulk (Vaults:5)
  4 purple draconians (Zot:3)
  3 vampire knights (Crypt:3)
  6 black draconians
  2 white draconians
  An entropy weaver (shapeshifter) (Vaults:5)
  A deep elf annihilator (Elf:3)
  5 spark wasps
  4 red draconians
  3 yellow draconians
  6 ettins (Zot:3)
  2 eidola
  2 deep elf high priests (Vaults:5)
  2 fire dragons
  A quicksilver dragon zombie (Depths:3)
  7 jiangshi
  A vault guard (Vaults:5)
  A spriggan air mage (Depths:2)
  2 spriggan zombies (Crypt:3)
  3 ice dragons (Depths:4)
  7 two-headed ogres (Zot:3)
  An ogre mage (Vaults:5)
  A dancing weapon (Crypt:3)
  3 deep troll shamans
  3 vampire magi
  A bennu skeleton (Crypt:3)
  4 hell hogs (Depths:4)
  2 death knights (Crypt:1)
  A titan zombie (Crypt:1)
  3 deep troll earth magi
  A quicksilver ooze zombie (Crypt:2)
  2 tengu warriors
  A hell knight (Depths:4)
  A spriggan (Depths:3)
  3 spriggan berserkers
  4 soul eaters
  A titan skeleton (Crypt:2)
  8 iron trolls
  12 skeletal warriors
  4 sun demons (Depths:4)
  3 cherubim
  6 deep trolls
  A flayed ghost (Crypt:1)
  13 phantasmal warriors
  An ironbound convoker (Vaults:5)
  A necromancer (Crypt:2)
  An anaconda zombie (Crypt:3)
  5 ugly things
  3 orc knights (Vaults:5)
  An iron dragon zombie (Crypt:1)
  A cyclops (D:13)
  A will-o-the-wisp (Swamp:3)
  14 moths of wrath
  A shining eye (shapeshifter) (Vaults:5)
  A manticore (shapeshifter) (Vaults:5)
  A dire elephant zombie (Crypt:2)
  A black mamba (Lair:5)
  An iron dragon skeleton (Crypt:3)
  2 smoke demons (Depths:4)
  2 vault sentinels (Vaults:5)
  A naga zombie (Crypt:3)
  A hellion (Depths:4)
  A purple draconian zombie (Crypt:1)
  A dire elephant skeleton (Crypt:3)
  A spark wasp simulacrum (Depths:3)
  A shock serpent skeleton (Crypt:2)
  2 efreet (Zot:3)
  2 harpy zombies
  4 trolls (Zot:3)
  A hornet (Depths:3)
  A satyr zombie (Crypt:1)
  An alligator skeleton (Crypt:3)
  An ettin zombie (Crypt:3)
  A black mamba zombie (Crypt:2)
  2 nameless horrors
  8 wraiths
  A naga simulacrum (Crypt:2)
  A hog (shapeshifter) (Vaults:5)
  A steam dragon (shapeshifter) (Vaults:5)
  8 hell hounds
  4 orc warriors (Vaults:5)
  4 ogres (Zot:3)
  A kobold brigand (Depths:3)
  4 necrophages
  A draconian zombie (Crypt:3)
  A shapeshifter skeleton (Crypt:1)
  A naga skeleton (Crypt:3)
  An acid dragon skeleton (Crypt:3)
  A swamp drake skeleton (Crypt:2)
  An iguana skeleton (Crypt:2)
  A dart slug zombie (Crypt:1)
374 creatures vanquished.

Vanquished Creatures (others)
  A thorn hunter (Swamp:3)
  A ghost moth (Zot:4)
  A fire dragon (Depths:3)
  A shadow wraith (Vaults:5)
  A bog body (Crypt:3)
  A manticore (D:12)
  A bloated husk (Swamp:1)
  A hornet (Swamp:1)
  A spriggan (Swamp:1)
  A steam dragon (Swamp:4)
  A naga (Snake:1)
  A swamp worm (Swamp:3)
  An orc warrior (Orc:2)
  4 swamp drakes (Swamp:4)
  An orc (Orc:2)
  8 briar patches (Swamp:3)
  3 bushes (Elf:1)
  20 foxfires
  23 fungi
  A lurking horror (Orc:2)
  145 plants
  21 snaplasher vines
  3 withered plants (Depths:3)
242 creatures vanquished.

Grand Total: 2394 creatures vanquished

Notes
Turn   | Place    | Note
-------+----------+-------------------------------------------
     0 | D:1      | roguespy the Gargoyle Hunter began the quest for the Orb.
     0 | D:1      | Reached XP level 1. HP: 12/12 MP: 1/1
   116 | D:1      | Reached XP level 2. HP: 17/18 MP: 2/2
   172 | D:1      | Found a faded altar of an unknown god.
   313 | D:1      | Reached skill level 1 in Armour
   582 | D:1      | Reached XP level 3. HP: 22/22 MP: 3/3
  1230 | D:2      | You fall into a shaft and drop 1 floor!
  1342 | D:3      | Noticed Jessica
  1885 | D:2      | Reached XP level 4. HP: 28/28 MP: 4/4
  2239 | D:2      | Reached skill level 1 in Long Blades
  2604 | D:3      | Reached XP level 5. HP: 33/33 MP: 5/5
  2878 | D:3      | Killed Jessica
  3308 | D:4      | Reached XP level 6. HP: 24/38 MP: 6/6
  4515 | D:4      | Reached skill level 5 in Ranged Weapons
  4515 | D:4      | Reached XP level 7. HP: 43/44 MP: 7/7
  4841 | D:4      | Reached skill level 5 in Fighting
  5073 | D:5      | Entered Level 5 of the Dungeon
  5128 | D:5      | Found a blossoming altar of Fedhas.
  5130 | D:5      | Found a stormy altar of Qazlal.
  5134 | D:5      | Found a bloodstained altar of Trog.
  5137 | D:5      | Found a snail-covered altar of Cheibriados.
  5536 | D:5      | Reached XP level 8. HP: 43/50 MP: 8/8
  5598 | D:5      | Found a staircase to the Ecumenical Temple.
  5607 | Temple   | Entered the Ecumenical Temple
  5678 | Temple   | Became a worshipper of Ashenzari the Shackled
  6174 | D:5      | Noticed Sigmund
  6180 | D:5      | Noticed Edmund
  7032 | D:6      | Noticed Maggie
  7176 | D:7      | Reached skill level 5 in Long Blades
  7529 | D:7      | Found an ancient bone altar of Kikubaaqudgha.
  7621 | D:7      | Reached XP level 9. HP: 47/55 MP: 9/9
  7804 | D:7      | Noticed a troll
  7812 | D:7      | Killed a troll
  8765 | D:8      | Found a burning altar of Makhleb.
  8831 | D:8      | Reached * piety under Ashenzari
  8991 | D:8      | Found Cautew's Assorted Antiques.
  8999 | D:8      | Bought an ancient ring mail for 261 gold pieces
  8999 | D:8      | Identified the +6 ring mail of Gozag's Reproof {rC+ Str+3
                  | Int+5} (You bought it in a shop on level 8 of the Dungeon)
  8999 | D:8      | Bought a scroll labelled BUMNEX NEASYQE for 29 gold pieces
  8999 | D:8      | Bought a scroll labelled MOASTR PYFIESSE for 29 gold pieces
  9016 | D:8      | Found a basalt altar of Yredelemnul.
  9055 | D:8      | Reached skill level 1 in Throwing
  9075 | D:8      | Reached XP level 10. HP: 63/63 MP: 10/10
  9214 | D:7      | Identified the cursed +1 cloak of the Eye in the Sky {Bglg,
                  | Self} (You found it on level 6 of the Dungeon)
  9361 | D:9      | Found an opulent altar of Gozag.
  9375 | D:9      | Noticed a two-headed ogre
  9506 | D:9      | Reached skill level 5 in Armour
  9608 | D:9      | Reached skill level 10 in Long Blades
 10405 | D:9      | Found Nekkonle's Armour Shoppe.
 10411 | D:9      | Bought a +0 pair of gloves for 58 gold pieces
 10449 | D:9      | Found a white marble altar of Elyvilon.
 10650 | D:9      | Reached skill level 5 in Dodging
 10660 | D:9      | Reached skill level 5 in Throwing
 10760 | D:9      | Reached XP level 11. HP: 69/69 MP: 11/11
 11009 | D:9      | Found a shimmering altar of Xom.
 11020 | D:9      | Found a sparkling altar of Nemelex Xobeh.
 11062 | D:10     | Entered Level 10 of the Dungeon
 11062 | D:10     | Found a staircase to the Lair.
 11604 | D:10     | Reached ** piety under Ashenzari
 11605 | D:10     | Noticed a two-headed ogre
 11629 | D:10     | Killed a two-headed ogre
 11747 | D:10     | Identified the +0 pair of gloves "Wisusk Iluma" {rC+}
 12514 | Lair:1   | Entered Level 1 of the Lair of Beasts
 13282 | Lair:1   | Reached XP level 12. HP: 80/80 MP: 12/12
 13913 | Lair:2   | Found a staircase to the Snake Pit.
 14004 | Lair:2   | Reached *** piety under Ashenzari
 14134 | Lair:2   | Identified the +1 leather armour of Spite {Contam Int+6}
 15146 | Lair:3   | Reached **** piety under Ashenzari
 15371 | Lair:3   | Noticed Gastronok
 15402 | Lair:3   | Killed Gastronok
 15551 | Lair:3   | Reached skill level 10 in Fighting
 15635 | Lair:3   | Found a staircase to the Swamp.
 16073 | Lair:3   | Noticed Nergalle
 16456 | Lair:4   | Reached XP level 13. HP: 71/91 MP: 14/14
 16731 | Lair:4   | Reached skill level 10 in Throwing
 17480 | Lair:5   | Entered Level 5 of the Lair of Beasts
 17481 | Lair:5   | Found a staircase to the Slime Pits.
 17562 | Lair:5   | Found a frozen archway.
 17623 | Lair:5   | Reached skill level 1 in Shields
 19617 | Lair:5   | Gained mutation: Your large and strong wings let you fly.
                  | [Gargoyle growth]
 19617 | Lair:5   | Reached XP level 14. HP: 34/100 MP: 15/15
 19720 | Lair:5   | Reached skill level 5 in Shields
 20373 | D:11     | Noticed Fannar
 20396 | D:11     | Killed Fannar
 20757 | D:12     | Noticed Lodul
 20779 | D:12     | Killed Lodul
 20876 | D:12     | Noticed Urug
 20900 | D:12     | Killed Urug
 21097 | D:12     | Found a staircase to the Orcish Mines.
 21583 | D:12     | Found a portal to a secret trove of treasure.
 22746 | D:13     | Reached ***** piety under Ashenzari
 22765 | D:13     | Found a gate to the Vaults.
 22928 | D:13     | Noticed Erolcha
 22938 | D:13     | Killed Erolcha
 23376 | Orc:1    | Entered Level 1 of the Orcish Mines
 23539 | Orc:2    | Entered Level 2 of the Orcish Mines
 23556 | Orc:1    | Reached skill level 10 in Armour
 23901 | Orc:2    | Found a staircase to the Elven Halls.
 24456 | Orc:2    | Found a corrupted altar of Lugonu.
 24658 | Orc:2    | Found a one-way gate to the infinite horrors of the Abyss.
 25175 | Orc:2    | Found Maojalath's Distillery.
 25175 | Orc:2    | Found Votil's Weapon Shoppe.
 25177 | Orc:2    | Found Ceray's Book Shop.
 25177 | Orc:2    | Found Selex's Antique Weapon Shoppe.
 25190 | Orc:2    | Bought a book of Armaments for 540 gold pieces
 25190 | Orc:2    | Bought a book of Winter for 510 gold pieces
 25199 | Orc:2    | Learned a level 3 spell: Ozocubu's Armour
 25208 | Orc:2    | Learned a level 8 spell: Lehudib's Crystal Spear
 25212 | Orc:2    | Bought a potion of haste for 130 gold pieces
 25212 | Orc:2    | Bought 2 potions of heal wounds for 130 gold pieces
 25212 | Orc:2    | Bought a potion of heal wounds for 65 gold pieces
 25383 | Orc:1    | Reached XP level 15. HP: 109/109 MP: 16/16
 25586 | Orc:1    | Noticed an orc warlord
 25763 | Orc:2    | Killed an orc warlord
 25764 | Orc:2    | Reached skill level 1 in Earth Magic
 25823 | Orc:1    | Reached skill level 1 in Ice Magic
 26097 | Snake:1  | Entered Level 1 of the Snake Pit
 26137 | Lair:3   | Killed Nergalle
 26138 | Lair:3   | Reached skill level 1 in Spellcasting
 26138 | Lair:3   | Reached skill level 1 in Conjurations
 26545 | Swamp:1  | Entered Level 1 of the Swamp
 26936 | Swamp:1  | Identified the +7 quarterstaff "Supperesk" {vorpal, rN+
                  | Str+3 Dex-4}
 26976 | Swamp:1  | Reached skill level 2 in Earth Magic
 27261 | Swamp:1  | Noticed Nikola
 27833 | Swamp:2  | Reached skill level 3 in Earth Magic
 28154 | Swamp:2  | Learned a level 3 spell: Stone Arrow
 28701 | Swamp:2  | Noticed a fenstrider witch
 28714 | Swamp:2  | Paralysed by a fenstrider witch for 4 turns
 28719 | Swamp:2  | Killed a fenstrider witch
 29049 | Swamp:3  | Reached skill level 4 in Earth Magic
 29084 | Swamp:3  | Noticed a thorn hunter
 29490 | Swamp:3  | Noticed a thorn hunter
 29498 | Swamp:3  | Killed a thorn hunter
 29968 | Swamp:3  | Killed a thorn hunter
 30255 | Swamp:4  | Entered Level 4 of the Swamp
 30340 | Swamp:4  | Reached skill level 5 in Earth Magic
 30959 | Swamp:4  | Reached ****** piety under Ashenzari
 30976 | Swamp:4  | Reached skill level 5 in Conjurations
 31496 | Swamp:4  | Reached skill level 6 in Earth Magic
 31622 | Swamp:4  | Reached skill level 10 in Shields
 31935 | Swamp:4  | Reached XP level 16. HP: 107/114 MP: 8/29
 32228 | Swamp:4  | Reached skill level 5 in Spellcasting
 32367 | Swamp:4  | Got a decaying rune of Zot
 32478 | Swamp:3  | Learned a level 4 spell: Animate Armour
 32703 | Lair:2   | Reached skill level 7 in Earth Magic
 33280 | Elf:1    | Entered Level 1 of the Elven Halls
 33389 | Elf:1    | Found a radiant altar of Vehumet.
 33894 | Elf:1    | Found Kuko's Antique Armour Shoppe.
 33919 | Elf:1    | Reached skill level 8 in Earth Magic
 33999 | Elf:1    | Found Cuje's Magic Scroll Boutique.
 34001 | Elf:1    | Found Muxas's Distillery.
 34004 | Elf:1    | Found Boyrapelau's Armour Boutique.
 34022 | Elf:1    | Bought a potion of heal wounds for 55 gold pieces
 34024 | Elf:1    | Bought a scroll of summoning for 104 gold pieces
 35266 | Elf:2    | Identified the +7 whip "Gaurom" {flame, Str+3}
 35453 | Elf:2    | Paralysed by an air elemental for 1 turns
 35457 | Elf:2    | Paralysed by an air elemental for 1 turns
 35578 | Elf:2    | Found Laojuepp's Antique Weapon Shoppe.
 35697 | Elf:2    | Reached skill level 9 in Earth Magic
 35734 | Elf:2    | Found a runed translucent gate.
 35734 | Elf:2    | Found a runed translucent gate.
 35735 | Elf:2    | Found a runed translucent gate.
 35845 | Elf:2    | Paralysed by an air elemental for 1 turns
 35940 | Elf:3    | Entered Level 3 of the Elven Halls
 36057 | Elf:3    | Paralysed by an air elemental for 1 turns
 36460 | Elf:3    | Reached XP level 17. HP: 120/122 MP: 34/34
 36724 | Elf:3    | Noticed Mara
 36736 | Elf:3    | Killed Mara
 37321 | Elf:3    | Noticed a deep elf master archer
 37321 | Elf:3    | Noticed a deep elf blademaster
 37375 | Elf:3    | Killed a deep elf blademaster
 37440 | Elf:3    | Killed a deep elf master archer
 37861 | Elf:3    | Noticed a deep elf blademaster
 37900 | Elf:3    | Reached skill level 10 in Earth Magic
 37923 | Elf:3    | Noticed an Executioner
 37987 | Elf:3    | Identified the +6 rapier of the Final Xalams {drain, rPois
                  | rF+ Will-}
 37987 | Elf:3    | Identified the +1 robe of Dim Light {+Inv Slay-4 SInv
                  | Archmagi}
 38308 | Elf:3    | Killed a deep elf blademaster
 38466 | Elf:3    | Identified the ring "Zeotwanu" {rPois Slay+4}
 38814 | Elf:3    | Noticed a deep elf master archer
 39044 | Elf:3    | Found the +18 shield of the Gong {rElec rN+ Will+ EV-5}
 39079 | Elf:3    | Learned a level 5 spell: Borgnjor's Vile Clutch
 39128 | Elf:3    | Identified the +11 crystal plate armour "Icesusom" {rCorr}
 39405 | Orc:2    | Bought a book of the Spheres for 810 gold pieces
 39411 | Orc:2    | Learned a level 5 spell: Iskenderun's Battlesphere
 39419 | Orc:2    | Learned a level 7 spell: Orb of Destruction
 39773 | Snake:1  | Identified the ring of Muimegaf {AC+4 Str+2}
 39818 | Snake:1  | Noticed a tentacled starspawn
 39846 | Snake:1  | Identified Sif Muna's Monograph on Lethal Geology
 39871 | Snake:1  | Found a transporter.
 39891 | Snake:1  | Reached skill level 1 in Necromancy
 39989 | Snake:1  | Noticed Keazorum's ghost (journeyman GrHu)
 40293 | Snake:1  | Learned a level 4 spell: Leda's Liquefaction
 40355 | Snake:1  | Found Difoigul's Antique Armour Shop.
 40867 | Snake:1  | Reached skill level 10 in Conjurations
 40961 | Snake:1  | Reached skill level 11 in Earth Magic
 41071 | Snake:1  | Identified the +1 morningstar "Luxijeho" {freeze, Int+4}
 41090 | Snake:1  | Found a transporter.
 41210 | Snake:1  | Noticed a tentacled starspawn
 41560 | Snake:2  | Found Vuollarch's Magic Scroll Boutique.
 41568 | Snake:2  | Bought a scroll of teleportation for 51 gold pieces
 41568 | Snake:2  | Bought a scroll of teleportation for 51 gold pieces
 41568 | Snake:2  | Bought a scroll of teleportation for 51 gold pieces
 41568 | Snake:2  | Bought a scroll of teleportation for 51 gold pieces
 41647 | Snake:2  | Learned a level 6 spell: Iron Shot
 42285 | Snake:2  | Reached skill level 1 in Summonings
 43308 | Snake:3  | Reached XP level 18. HP: 128/128 MP: 14/36
 43604 | Snake:3  | Noticed Aizul
 43612 | Snake:3  | Killed Aizul
 45981 | Snake:3  | Reached skill level 12 in Earth Magic
 46232 | Snake:4  | Entered Level 4 of the Snake Pit
 47254 | Snake:4  | Noticed Vashnia
 48965 | Snake:4  | Reached skill level 5 in Necromancy
 50112 | Snake:4  | Killed Vashnia
 50741 | Snake:4  | Reached skill level 5 in Summonings
 51087 | Snake:4  | Reached XP level 19. HP: 133/133 MP: 20/38
 51163 | Snake:4  | Got a serpentine rune of Zot
 51262 | Snake:4  | Reached skill level 13 in Earth Magic
 52617 | Vaults:1 | Entered Level 1 of the Vaults
 53311 | D:14     | Found a burning altar of Makhleb.
 54409 | D:15     | Entered Level 15 of the Dungeon
 54409 | D:15     | Found Ifyishu's General Store.
 54412 | D:15     | Bought a ring of protection from cold for 375 gold pieces
 54416 | D:15     | Found Peuwa Hiutof's Armour Shoppe.
 54433 | D:15     | Reached skill level 10 in Spellcasting
 54783 | D:15     | Found Reewke's General Store.
 55245 | D:15     | Found Eqequege's Armour Shoppe.
 55290 | D:15     | Found Myfimif's Book Shop.
 55308 | D:15     | Bought a book of Transfigurations for 480 gold pieces
 55314 | D:15     | Learned a level 5 spell: Irradiate
 56025 | D:15     | Found a staircase to the Depths.
 57223 | Vaults:1 | Found a runed translucent gate.
 57223 | Vaults:1 | Found a runed translucent gate.
 57223 | Vaults:1 | Found a runed translucent gate.
 57225 | Vaults:1 | Noticed TPoD's ghost (adept HOMo)
 58802 | Vaults:1 | Identified the +0 buckler of Words of Power {Int+9}
 59052 | Vaults:2 | Noticed Saint Roka
 59487 | Vaults:2 | Paralysed by a sphinx for 5 turns
 59600 | Vaults:2 | Reached skill level 14 in Earth Magic
 59644 | Vaults:2 | Reached XP level 20. HP: 66/136 MP: 29/39
 61467 | Vaults:2 | Killed Saint Roka
 62187 | Vaults:2 | Paralysed by a great orb of eyes for 2 turns
 62460 | Vaults:2 | Identified the +3 leather armour of Theory {-Cast rElec
                  | rN+++ MP-9 Str+8}
 62692 | Vaults:2 | Found a basalt altar of Yredelemnul.
 62692 | Vaults:2 | Found a staircase to the Crypt.
 62708 | Vaults:2 | Found an ancient bone altar of Kikubaaqudgha.
 63348 | Vaults:3 | Found a crumbling gateway.
 65763 | Vaults:4 | Reached XP level 21. HP: 129/141 MP: 31/41
 66004 | Vaults:4 | Reached skill level 15 in Earth Magic
 67603 | Depths:1 | Entered Level 1 of the Depths
 68056 | Depths:1 | Reached skill level 10 in Dodging
 68700 | Depths:1 | Found a one-way gate leading to the halls of Pandemonium.
 68956 | Depths:1 | Found a gateway to Hell.
 70330 | Depths:2 | Found a one-way gateway to a ziggurat.
 72018 | Depths:2 | Learned a level 7 spell: Spellforged Servitor
 72272 | Depths:1 | Learned a level 8 spell: Lehudib's Crystal Spear
 72527 | Depths:1 | Found a gateway to Hell.
 73030 | Depths:1 | Found a one-way gate leading to the halls of Pandemonium.
 73402 | Depths:2 | Noticed a golden dragon
 73421 | Depths:2 | Reached XP level 22. HP: 95/146 MP: 35/43
 73943 | Depths:2 | Reached skill level 16 in Earth Magic
 74484 | Depths:2 | Noticed a golden dragon
 74485 | Depths:2 | Killed a golden dragon
 74503 | Depths:2 | Killed a golden dragon
 75001 | Depths:2 | Noticed a golden dragon
 75008 | Depths:2 | Killed a golden dragon
 75275 | Depths:3 | Noticed an ancient lich
 75276 | Depths:3 | Noticed an ancient lich
 75672 | Depths:2 | Reached skill level 15 in Conjurations
 75981 | Depths:3 | Found a white marble altar of Elyvilon.
 75994 | Depths:3 | Killed an ancient lich
 75995 | Depths:3 | Reached skill level 15 in Shields
 77231 | Depths:3 | Found a basalt altar of Yredelemnul.
 77485 | Depths:3 | Noticed a caustic shrike
 77549 | Depths:3 | Noticed a caustic shrike
 77957 | Depths:3 | Killed an ancient lich
 77972 | Depths:3 | Reached skill level 10 in Summonings
 78038 | Depths:3 | Found a bloodstained altar of Trog.
 78441 | Depths:3 | Noticed a caustic shrike
 78446 | Depths:3 | Noticed a caustic shrike
 78452 | Depths:3 | Killed a caustic shrike
 78454 | Depths:3 | Killed a caustic shrike
 78477 | Depths:3 | Killed a caustic shrike
 78485 | Depths:3 | Killed a caustic shrike
 78643 | Depths:3 | Noticed a caustic shrike
 78652 | Depths:3 | Killed a caustic shrike
 79088 | Depths:4 | Entered Level 4 of the Depths
 79120 | Depths:4 | Reached XP level 23. HP: 130/150 MP: 14/44
 79905 | Depths:4 | Reached skill level 10 in Necromancy
 80033 | Depths:4 | Identified the +7 morningstar "Anna" {flame, Str+4}
 80450 | Depths:4 | Identified the +7 demon whip of the Madman {elec, rElec}
 80566 | Depths:4 | Reached skill level 17 in Earth Magic
 80833 | Depths:4 | Found a glowing golden altar of the Shining One.
 80906 | Depths:4 | Found a gate to the Realm of Zot.
 81265 | Depths:4 | Found an ornate altar of the Wu Jian Council.
 81432 | Depths:4 | Learned a level 5 spell: Summon Forest
 81690 | Crypt:1  | Entered Level 1 of the Crypt
 81926 | Crypt:1  | Reached skill level 1 in Translocations
 82473 | Crypt:1  | Noticed Jory
 82479 | Crypt:1  | Killed Jory
 82716 | Crypt:1  | Identified the +5 quarterstaff "Earthworm" {freeze, rC++
                  | rN+ Str+3 Stlth-}
 83475 | Crypt:2  | Found a magical portal.
 84402 | Crypt:2  | Noticed Frederick
 84410 | Crypt:2  | Killed Frederick
 84885 | Crypt:3  | Entered Level 3 of the Crypt
 85056 | Crypt:3  | Identified the Secrets of the Impact
 85067 | Crypt:3  | Found a runed translucent gate.
 85067 | Crypt:3  | Found a runed translucent gate.
 85067 | Crypt:3  | Found a runed translucent gate.
 85067 | Crypt:3  | Found an iron altar of Okawaru.
 85067 | Crypt:3  | Noticed Utis's ghost (veteran CeHu)
 85497 | Crypt:3  | Noticed Sojobo
 85522 | Crypt:3  | Killed Sojobo
 85784 | Crypt:3  | Reached XP level 24. HP: 135/158 MP: 31/45
 85877 | Crypt:3  | Found a staircase to the Tomb.
 86770 | Crypt:3  | Paralysed by a vampire knight for 3 turns
 87203 | Crypt:3  | Found an ancient bone altar of Kikubaaqudgha.
 87216 | Crypt:3  | Found the +3 pair of gauntlets of War {Slay+5}
 87244 | Crypt:3  | Paralysed by a vampire knight for 3 turns
 87925 | Crypt:3  | Identified the Guide on the Grave
 88110 | Crypt:3  | Noticed Mennas
 88592 | Vaults:5 | Entered Level 5 of the Vaults
 90454 | Vaults:5 | Noticed a dread lich
 90454 | Vaults:5 | Noticed a dread lich
 90509 | Vaults:5 | Paralysed by a dread lich for 3 turns
 90519 | Vaults:4 | Killed a dread lich
 91157 | Vaults:4 | Paralysed by a dread lich for 2 turns
 91161 | Vaults:4 | Paralysed by a dread lich for 4 turns
 91167 | Vaults:4 | Killed a dread lich
 92217 | Vaults:5 | Reached XP level 25. HP: 163/163 MP: 40/46
 92254 | Vaults:5 | Noticed an ancient lich
 92541 | Vaults:5 | Killed an ancient lich
 93593 | Vaults:5 | Identified the +1 quarterstaff of Porow {spect, Dex+4}
 93955 | Vaults:5 | Reached skill level 15 in Spellcasting
 94932 | Vaults:5 | Identified the +1 pair of gloves "Fodd" {Str+4 Stlth+}
 94940 | Vaults:5 | Got a silver rune of Zot
 95640 | Zot:1    | Entered Level 1 of the Realm of Zot
 95867 | Zot:1    | Identified the +9 flail of Cecytoc {vamp, Drain rPois Str+3
                  | Stlth+}
 97705 | Zot:1    | Learned a level 6 spell: Summon Cactus Giant
 98165 | Zot:2    | Found a transporter.
 98167 | Zot:2    | Found a transporter.
 98169 | Zot:2    | Noticed an orb of fire
 98262 | Zot:2    | Identified the ring "Zaikyrui" {Str+3 Dex+6 Slay+3}
 98675 | Zot:2    | Identified the +0 pair of boots "Jotwoff" {rElec rC+ Will-
                  | SInv}
100741 | Zot:3    | Reached skill level 18 in Earth Magic
100918 | Zot:3    | Reached XP level 26. HP: 168/168 MP: 35/47
101046 | Zot:3    | Learned a level 5 spell: Summon Mana Viper
101528 | Zot:3    | Reached skill level 1 in Hexes
102794 | Zot:3    | Identified the +1 robe "Enurr" {rC+ Int+2 Slay-4}
104140 | Zot:5    | Entered Level 5 of the Realm of Zot
104140 | Zot:5    | Found a viscous altar of Jiyva.
104174 | Zot:5    | Noticed Beuseq's ghost (master GnFi)
104866 | Zot:5    | Found a runed translucent gate.
104867 | Zot:5    | Found a runed translucent gate.
104868 | Zot:5    | Found a runed translucent gate.
105486 | Zot:5    | Noticed an ancient lich
105493 | Zot:5    | Killed an ancient lich
105514 | Zot:5    | Noticed a Killer Klown
105737 | Zot:5    | Killed a Killer Klown
105911 | Zot:5    | Noticed a Killer Klown
105912 | Zot:5    | Noticed a Killer Klown
105976 | Zot:5    | Noticed an orb of fire
106067 | Zot:4    | Identified the cursed +2 scimitar of Ashenzari's Anxiety
                  | {protect, Cun, Fort} (You took it off an orc warrior on
                  | level 7 of the Dungeon)
106067 | Zot:4    | Identified the cursed +2 cloak of the Chained Moon {Evo,
                  | Elem} (You found it on level 3 of the Snake Pit)
106067 | Zot:4    | Identified the cursed +2 helmet of the Sidereal God {Alch,
                  | Bglg} (You found it on level 7 of the Dungeon)
106067 | Zot:4    | Identified the cursed +2 pair of gloves "Restrained Seer"
                  | {Alch, Fort} (You found it on level 2 of the Elven Halls)
106067 | Zot:4    | Identified the cursed +2 pair of boots "Lashed
                  | Embarrassment" {Fly, Bglg, Alch} (You found it on level 1
                  | of the Swamp)
106067 | Zot:4    | Identified the cursed +2 kite shield "Share My Activism"
                  | {Self, Bglg} (You found it on level 11 of the Dungeon)
106067 | Zot:4    | Identified the cursed ring "Esoteric Secrets" {AC+4, Self,
                  | Elem} (You found it on level 1 of the Lair of Beasts)
106067 | Zot:4    | Identified the cursed ring "Tethered Stoicism" {rF+, Cun,
                  | Elem} (You found it on level 15 of the Dungeon)
106067 | Zot:4    | Identified the cursed amulet "Shattered Together" {Reflect
                  | SH+5, Bglg, Self} (You took it off an orc on level 3 of the
                  | Dungeon)
106105 | Zot:5    | Noticed a Killer Klown
106311 | Zot:4    | Killed a Killer Klown
106407 | Zot:5    | a Killer Klown changed into a titan
106411 | Zot:5    | Reached skill level 19 in Earth Magic
106653 | Zot:5    | Killed an orb of fire
106824 | Zot:5    | Noticed a dread lich
107110 | Zot:5    | Killed a dread lich
107397 | Zot:5    | Noticed a Killer Klown
107399 | Zot:5    | Noticed a Killer Klown
107499 | Zot:5    | Noticed an ancient lich
107507 | Zot:5    | Killed a Killer Klown
107645 | Zot:5    | Reached skill level 15 in Summonings
107658 | Zot:5    | Noticed an ancient lich
107678 | Zot:5    | Killed a Killer Klown
107854 | Zot:5    | Killed an ancient lich
107961 | Zot:5    | Noticed an orb of fire
108362 | Zot:5    | Killed an ancient lich
108363 | Zot:5    | Killed an orb of fire
108532 | Zot:5    | Noticed a Killer Klown
108535 | Zot:5    | Killed a Killer Klown
108614 | Zot:5    | Killed a Killer Klown
108735 | Zot:5    | Noticed an ancient lich
108738 | Zot:5    | Noticed a Killer Klown
108741 | Zot:5    | Killed a Killer Klown
108743 | Zot:5    | Noticed an orb of fire
108755 | Zot:5    | Killed an orb of fire
108756 | Zot:5    | Reached XP level 27. HP: 154/174 MP: 15/49
109199 | Zot:5    | Killed an ancient lich
109546 | Zot:5    | Learned a level 4 spell: Passage of Golubria
109992 | Zot:5    | Got the Orb of Zot
110066 | Zot:4    | Noticed Sabasata the pandemonium lord
110298 | Depths:3 | Noticed a seraph
110739 | D:$      | Escaped with the Orb!

Illustrated notes

Levels and vault maps discovered:
D:1:      dpeg_arrival_tiny_h, layout_basic, hellmonk_ecumenical_altar_run_dry,
          hangedman_decor_diamond_cutter, st_stairs_2, minivault_23,
          minmay_statues_item, hangedman_decor_clover_reticule
D:2:      cheibrodos_old_hovel, layout_basic, serial_forest,
          infiniplex_forest_lined_3, infiniplex_forest_clump_small,
          infiniplex_forest_clump_small, infiniplex_forest_fountain,
          infiniplex_forest_straight_3, infiniplex_forest_clump_diagonal,
          infiniplex_forest_clump_curved
D:3:      layout_loops_cross, uniq_jessica
D:4:      layout_basic, minmay_manual_mess
D:5:      layout_cave_pools, minitemple, temple_hall, sigmund_edmund_badplayer
D:6:      layout_layer_cave, uniq_maggie, uniq_blork_the_orc,
          uniq_crazy_yiuf_cottage
D:7:      minmay_s_stair_smasher, layout_basic, mainiacjoe_overflow_24_doors
D:8:      layout_rooms, mainiacjoe_overflow_six_doors_small,
          mainiacjoe_overflow_chevrons, serial_shops, nicolae_shop_crystal,
          nicolae_titane
D:9:      wad_pebble_path, layout_rooms, mainiacjoe_overflow_boulevard,
          nicolae_gozag_cash_rules_everything_around_me,
          amethyst_overflow_temple_binary, serial_shops, nicolae_shop_crystal,
          serial_ice, serial_ice_g, serial_ice_b, serial_ice_h, serial_ice_o,
          serial_ice_i, serial_ice_d, serial_ice_n, serial_ice_e, serial_ice_m,
          serial_ice_f
D:10:     layout_irregular_city, erik_lair_orcish_takeover
D:11:     layout_rooms, uniq_fannar
D:12:     layout_loops_corners, david_orc_3, serial_co_window_serial,
          co_window_of_opportunity_a, co_window_paths_a, co_window_corner_a,
          co_window_paths_b, co_window_of_opportunity_a, co_window_broadway_b,
          co_window_broadway_b, co_window_of_opportunity_c, co_window_paths_d,
          glass_columns_c, glass_columns_a, glass_columns_a, enter_trove_1,
          uniq_urug, uniq_lodul
D:13:     layout_irregular_city, david_vaults_4, minmay_misc_feat_secret_circle,
          minmay_misc_feat_x, kennysheep_decorative_pillar, uniq_erolcha
D:14:     layout_irregular_city, serial_park_fountain, bloody_makhleb
D:15:     hangedman_depths_entry_civil_slaughter, layout_loops_ring,
          corexii_hall_statues_deadend, serial_shops, nicolae_lakefront_shop,
          nicolae_shop_statue_plus, shop, shop, nicolae_shop_advertising_works
          [nicolae_subvault_shop_adworks]
Temple:   nicolae_temple_ecumenical_triangle
Lair:1:   layout_chaotic_city, small_statue_intersection, minivault_24,
          cheibrodos_lair_reptile_den
Lair:2:   layout_gridlike, dummy_snake_entry, serial_bayou_lagoon_b
Lair:3:   layout_layer_cave, minmay_swamp_entry_eels, uniq_gastronok,
          uniq_nergalle
Lair:4:   layout_regular_city, chequers_serial_rivers_small_a,
          chequers_serial_rivers_room_b, serial_bayou_shore_a
Lair:5:   minmay_lair_end_enchanted_forest, layout_cave_pods, slime_entry_1,
          portal_ice_cave_entry_pillars_2, grunt_megastairs_1
Swamp:1:  layout_basic_swamp, hangedman_swamp_lotus, infiniplex_staircase_pool,
          uniq_kirke, uniq_nikola
Swamp:2:  layout_basic_swamp, hangedman_swamp_ruin_hall
Swamp:3:  layout_basic_swamp, evilmike_swamp_ruin_wall
Swamp:4:  swamp_fiery, layout_basic_swamp
Snake:1:  layout_honeycomb, serial_shops, nicolae_shop_waterfront,
          gammafunk_ghost_abyssal_escape, grunt_megastairs_3
Snake:2:  layout_grid_maze, serial_shops, shop
Snake:3:  layout_cave_town, nicolae_snake_snake_lake,
          nicolae_snake_snakes_in_the_grass, uniq_aizul
Snake:4:  grunt_snake_rune_spirals, layout_onion_interference,
          serial_bayou_shore_b, uniq_vashnia
Orc:1:    layout_caves
Orc:2:    grunt_orc_tribal_feast, layout_caves, amcnicky_altar_lugonu_corruption
Elf:1:    eino_elf_arrival_altar, layout_geoelf_octagon, serial_shops,
          nicolae_diamond_shop, minmay_misc_feat_columns, minmay_shop_star
Elf:2:    nicolae_elf_blades_splatter_lattice
          [nicolae_blade_entry_crossed_weapons], layout_geoelf_diagonals,
          serial_shops, shop
Elf:3:    elf_hall, layout_loops_corners, serial_aquarium,
          aquarium_bridge_square [aquarium_subvault_window,
          aquarium_subvault_bridge, aquarium_subvault_window,
          aquarium_subvault_bridge], aquarium_window_2, aquarium_window_2,
          aquarium_window_fake, aquarium_view_2f, aquarium_view_2c,
          hellmonk_bongcloud_opening, minivault_23, uniq_mara
Vaults:1: ebering_ghost_rock_garden, vaults_room_pool, vaults_mumra_minichess,
          v_misc_26, ontoclasm_vaults_decontamination,
          hangedman_vaults_capsules, hangedman_vaults_stretched_pinwheel,
          vaults_mumra_lcd, layout_vaults_chaotic_city
Vaults:2: vaults_room_fours, grunt_vaults_diagonal,
          minmay_crypt_entry_necro_gods, vaults_dpeg_ring,
          nicolae_vaults_puzzle_piece, vaults_standard_mumra_enter_the_diamond,
          nicolae_vaults_mini_display_case, vaults_room_corners,
          dpeg_vaults_monster_box, layout_vaults_omnigrid, uniq_saint_roka
Vaults:3: portal_desolation_entry_garden, hangedman_vaults_slither, v_misc_4,
          nicolae_vaults_network_s, nicolae_vaults_angled_halls,
          vaults_room_door_ring, nicolae_vaults_bisected_exclaves,
          ontoclasm_vaults_idyll, nicolae_vaults_ring_of_whatevers,
          vaults_dpeg_emergency_exit, layout_vaults_big_cross
Vaults:4: nicolae_vaults_little_squares_3, vaults_mumra_chevron_long, v_rooms_6,
          v_misc_18, v_misc_14, v_misc_25, st_more_cells,
          nicolae_vaults_asterisk, nicolae_vaults_little_squares_1,
          hangedman_vaults_cutoff, v_misc_16, ontoclasm_vaults_ring_square,
          layout_vaults_maze_snakey
Vaults:5: serial_shops
Crypt:1:  layout_misc_corridors, grunt_crypt_arrival_split, uniq_jory
Crypt:2:  layout_basic, mu_enter_wizlab_2, uniq_frederick
Crypt:3:  church_of_pain_bobbens, layout_chaotic_city,
          nicolae_tomb_entry_rubble_hallway, gammafunk_ghost_fury_of_okawaru,
          uniq_mennas, uniq_sojobo
Depths:1: layout_basic, corexii_corridor_pit, pan_entry, grunt_mini_vestibule,
          kennysheep_generic_room_10
Depths:2: evilmike_diamond_2, layout_long_grid, enter_ziggurat_b,
          rand_demon_pan_entry_7, serial_sigils, serial_sigils_hangedman_etch,
          serial_sigils_hangedman_carve, serial_sigils_hangedman_quiver,
          serial_sigils_hangedman_quiver, chequers_serial_rivers_room_a,
          hell_entry, drop_trap
Depths:3: dreamdust_under_siege, layout_basic, hell_entry,
          trog_three_pillars_becter, marbit_kobold_abyss_entry,
          yredelemnul_altar_generic, infiniplex_staircase_door_maze,
          firewood_loft
Depths:4: evilmike_zot_entry_diamond, layout_long_grid,
          nicolae_wu_jian_wuxing_cycle, hellmouth_3,
          nicolae_tso_carved_into_rock
Zot:1:    layout_cellular_growth
Zot:2:    gammafunk_the_bubble [the_bubble_gammafunk_crates],
          layout_cathedral_of_symmetry
Zot:3:    lemuel_halls_of_wrath, layout_concentric_octagons
Zot:4:    layout_cathedral_of_symmetry, hangedman_zot_decor_scrapings
Zot:5:    layout_cathedral_of_symmetry, gammafunk_ghost_ooze

Skill      XL: |  1  2  3  4  5  6  7  8  9 10 11 12 13 14 15 16 17 18 19 20 21 22 23 24 25 26 |
---------------+-------------------------------------------------------------------------------+-----
Armour         | 1 2 3 4 6 7 9 10 | 10.9
Dodging        | 2 3 5 6 7 8 9 10 11 12 13 | 13.1
Fighting       | 3 4 5 6 7 8 10 11 13 | 13.1
Long Blades    | 1 2 3 6 9 10 11 12 13 14 | 14.8
Ranged Weapons | 5 |  5.0
Throwing       | 1 5 7 9 11 12 | 12.0
Shields        | 4 8 10 11 12 13 14 15 16 | 16.4
Earth Magic    | 6 9 11 12 14 15 16 17 18 19 | 19.9
Ice Magic      | 2 |  2.7
Spellcasting   | 4 7 8 9 10 11 12 13 14 15 17 | 17.3
Conjurations   | 5 8 10 11 12 13 14 15 16 | 16.5
Necromancy     | 3 5 6 7 8 9 10 11 13 14 | 14.7
Summonings     | 1 5 6 8 9 10 11 12 14 15 | 15.6
Translocations | 2 |  2.4
Hexes          | 1 |  1.5
Stealth        | |  1.1

Action                   |  1- 3 |  4- 6 |  7- 9 | 10-12 | 13-15 | 16-18 | 19-21 | 22-24 | 25-27 || total
-------------------------+-------+-------+-------+-------+-------+-------+-------+-------+-------++-------
Melee: Falchion          |    12 |    23 |   269 |     8 |     7 |       |       |       |       ||   319
       Punch             |       |       |     2 |    16 |     1 |       |       |       |       ||    19
       Scimitar          |       |       |    46 |   787 |  1470 |   857 |  1480 |   792 |   204 ||  5636
       Unarmed           |       |       |       |     2 |       |       |       |       |       ||     2
 Fire: Shortbow          |   109 |   103 |     6 |    24 |       |       |       |       |       ||   242
Throw: Javelin           |       |       |       |     2 |     7 |       |       |       |       ||     9
       Boomerang         |       |       |       |     2 |    75 |       |       |       |       ||    77
       Dart              |       |       |       |       |     3 |       |       |       |       ||     3
 Cast: Stone Arrow       |       |       |       |       |   132 |   186 |       |       |     2 ||   320
       Ozocubu's Armour  |       |       |       |       |    21 |    20 |     6 |       |       ||    47
       Animate Armour    |       |       |       |       |       |     7 |       |       |     5 ||    12
       Borgnjor's Vile C |       |       |       |       |       |    75 |   210 |   259 |   130 ||   674
       Iron Shot         |       |       |       |       |       |   100 |   164 |     4 |    97 ||   365
       Orb of Destructio |       |       |       |       |       |   122 |    96 |       |       ||   218
       Iskenderun's Batt |       |       |       |       |       |     2 |     2 |     1 |     1 ||     6
       Leda's Liquefacti |       |       |       |       |       |     3 |       |       |       ||     3
       Irradiate         |       |       |       |       |       |       |    19 |    18 |     8 ||    45
       Spellforged Servi |       |       |       |       |       |       |    10 |   130 |   170 ||   310
       Lehudib's Crystal |       |       |       |       |       |       |       |    73 |    23 ||    96
       Summon Forest     |       |       |       |       |       |       |       |    28 |    64 ||    92
       Summon Cactus Gia |       |       |       |       |       |       |       |       |    96 ||    96
       Summon Mana Viper |       |       |       |       |       |       |       |       |    50 ||    50
Invok: Curse Item        |       |       |     2 |     4 |     5 |     2 |     2 |     1 |       ||    16
       Shatter the Chain |       |       |       |       |     1 |     2 |     2 |     1 |       ||     6
Evoke: Wand              |       |       |     1 |     2 |    11 |       |     1 |       |    11 ||    26
  Use: Scroll            |       |     2 |    12 |     1 |     7 |     8 |    13 |     3 |    13 ||    59
       Potion            |       |       |     4 |     2 |    10 |     9 |    12 |     6 |    21 ||    64
 Stab: Sleeping          |       |       |       |     1 |     2 |     6 |     1 |       |       ||    10
       Petrified         |       |       |       |       |    11 |       |       |       |       ||    11
       Confused          |       |       |       |       |     2 |       |       |       |       ||     2
       Invisible         |       |       |       |       |       |     4 |       |       |       ||     4
       Distracted        |       |       |       |       |       |       |     1 |    17 |     8 ||    26
Armor: Leather armour    |    26 |       |       |       |       |       |       |       |       ||    26
       Plate armour      |    15 |       |       |       |       |       |       |       |       ||    15
       Ring mail         |     1 |    13 |    13 |   485 |   793 |   375 |   655 |   388 |   149 ||  2872
       Chain mail        |       |    35 |   200 |       |       |       |       |       |       ||   235
Dodge: Dodged            |    53 |    43 |   105 |   642 |   850 |   351 |   790 |   396 |   233 ||  3463
Block: Other             |       |       |    61 |   194 |    19 |       |       |       |       ||   274
       Reflection        |       |       |     4 |     4 |    49 |   181 |   104 |    31 |    19 ||   392
       Kite shield       |       |       |       |       |  1541 |  1017 |  1848 |  1126 |   351 ||  5883
